Map: [ESL] Cosmic Sapphire

Players

Astrea

  • Race: Protoss Protoss
  • League: Master
  • Spawn Location: 11:00

Reynor - Winner!

  • Race: Zerg Zerg
  • Spawn Location: 5:00

Event: HomeStory Cup XXI

VOD

Have the link to the VOD?

Description

Time

  • Played on: July 23, 2022, 1:16 p.m.
  • Length: 13:11

All games in this series

Show
View Real Time Build Order
Export as new Build Order

Astrea Protoss 

Build Orders: Nexus First, Phoenix Opening 

Get SALT Encoding   

  12  0:00  Probe  
  13  0:12  Probe  
  14  0:18  Pylon  
  14  0:24  Probe  
  15  0:36  Probe  
  16  0:48  Probe  
  17  0:58  Nexus  
  17  1:07  Gateway  
  17  1:10  Probe (Chrono Boost)  
  18  1:16  Assimilator  
  18  1:22  Probe (Chrono Boost)  
  18  1:23  Assimilator  
  19  1:28  Probe (Chrono Boost)  
  20  1:37  Probe  
  21  1:40  Gateway  
  21  1:49  Probe  
  22  1:54  Cybernetics Core  
  23  2:02  Probe (Chrono Boost)  
  23  2:03  Pylon  
  23  2:09  Probe (Chrono Boost)  
  25  2:18  Probe (Chrono Boost)  
  25  2:19  Probe (Chrono Boost)  
  26  2:24  Probe (Chrono Boost)  
  26  2:25  Probe  
  26  2:28  Adept x2 (Chrono Boost)  
  28  2:31  Warp Gate (Chrono Boost)  
  28  2:36  Probe  
  33  2:37  Probe  
  34  2:48  Probe  
  34  2:49  Probe  
  34  2:51  Sentry  
  36  2:52  Stalker  
  36  2:57  Pylon  
  40  3:00  Probe  
  40  3:01  Probe  
  42  3:13  Probe x2  
  42  3:17  Adept  
  46  3:22  Adept  
  46  3:25  Probe x2  
  50  3:27  Phoenix  
  50  3:33  Nexus  
  50  3:35  Pylon  
  50  3:37  Probe  
  50  3:38  Probe  
  52  3:48  Twilight Council  
  52  3:49  Probe  
  52  3:50  Probe  
  52  3:55  Assimilator  
  53  4:01  Probe  
  54  4:02  Probe  
  54  4:03  Robotics Facility  
  54  4:05  Adept x2  
  54  4:08  Pylon  
  59  4:13  Probe  
  59  4:15  Probe  
  61  4:18  Gateway  
  61  4:25  Probe  
  61  4:27  Probe  
  63  4:32  Blink (Chrono Boost)  
  63  4:37  Probe, Gateway  
  63  4:38  Gateway  
  60  4:39  Probe  
  60  4:44  Observer  
  61  4:47  Probe  
  61  4:49  Probe  
  61  4:51  Probe  
  65  4:57  Dark Shrine  
  65  4:58  Shield Battery  
  65  4:59  Probe  
  66  5:01  Probe  
  66  5:03  Probe, Warp Prism (Chrono Boost)  
  69  5:09  Stalker  
  69  5:11  Probe  
  69  5:13  Probe  
  72  5:15  Probe  
  69  5:21  Stalker  
  69  5:22  Stalker  
  69  5:23  Probe  
  69  5:26  Probe  
  73  5:31  Probe  
  73  5:32  Stalker x3  
  73  5:35  Probe  
  81  5:36  Pylon  
  81  5:42  Probe  
  82  5:43  Probe  
  82  5:44  Assimilator  
  82  5:45  Pylon  
  82  5:46  Assimilator  
  82  5:48  Assimilator  
  83  5:51  Stalker  
  83  5:56  Stalker x3  
  91  5:58  Probe x2  
  91  6:03  Probe  
  94  6:05  Stalker, Pylon  
  94  6:10  Probe x2  
  98  6:16  Probe  
  99  6:22  Stalker  
  99  6:25  Stalker x3, Pylon  
  99  6:28  Dark Templar  
  107  6:33  Forge  
  107  6:38  Pylon  
  107  6:41  Pylon  
  105  6:50  Stalker x4  
  111  7:00  Robotics Bay  
  111  7:01  Robotics Facility  
  111  7:07  Stalker  
  112  7:14  Protoss Ground Weapons Level 1 (Chrono Boost)  
  112  7:15  Gateway, Zealot x4  
  118  7:16  Gateway  
  118  7:18  Gateway  
  118  7:22  Pylon  
  120  7:39  Stalker x5  
  130  7:44  Pylon  
  130  7:46  Pylon  
  130  7:49  Nexus  
  130  7:50  Pylon  
  126  7:51  Disruptor (Chrono Boost)  
  126  7:52  Disruptor (Chrono Boost)  
  126  7:54  Charge  
  129  8:03  Shield Battery  
  129  8:05  Photon Cannon  
  129  8:06  Pylon  
  129  8:08  Pylon  
  129  8:19  Disruptor (Chrono Boost)  
  129  8:21  Dark Templar  
  129  8:24  Photon Cannon  
  129  8:26  Disruptor (Chrono Boost)  
  137  8:31  Shield Battery  
  137  8:32  Pylon  
  137  8:33  Stalker x6  
  147  8:38  Stalker  
  147  9:01  Disruptor  
  150  9:04  Stalker  
  150  9:05  Stalker x6  
  150  9:06  Zealot  
  150  9:35  Protoss Ground Weapons Level 2 (Chrono Boost)  
  156  9:38  Probe x4  
  156  9:40  Assimilator  
  156  9:41  Photon Cannon, Assimilator  
  156  9:43  Pylon  
  156  9:45  Observer, Disruptor  
  155  9:48  Zealot x8  
  155  9:50  Probe x3  
  171  9:58  Probe  
  153  10:02  Probe  
  153  10:03  Probe x2  
  156  10:12  Probe  
  156  10:13  Templar Archives  
  149  10:15  Photon Cannon  
  149  10:16  Zealot x6  
  149  10:17  Photon Cannon  
  149  10:19  Pylon  
  143  10:37  Pylon  
  143  10:39  Psionic Storm  
  143  10:42  Immortal x2  
  151  10:52  Nexus  
  151  10:55  High Templar x2  
  151  10:56  High Templar x5  
  165  11:00  Pylon x2  
  157  11:23  Disruptor x2  
  157  11:24  Archon  
  157  11:25  Archon  
  157  11:26  Probe x4  
  157  11:28  Photon Cannon  
  157  11:29  Photon Cannon  
  157  11:31  Photon Cannon  
  161  11:33  Photon Cannon  
  161  11:35  Photon Cannon  
  161  11:37  Shield Battery  
  161  11:38  Shield Battery  
  155  11:40  Pylon, Zealot x6  
  155  11:43  Zealot  
  155  11:44  Zealot  
  171  11:49  Probe  
  171  11:50  Photon Cannon, Probe  
  160  11:58  Disruptor x2  
  154  12:09  Zealot x3  
  154  12:10  Zealot x4  
  141  12:23  Zealot  
  141  12:27  Archon  
  125  12:32  Immortal (Chrono Boost)  
  120  12:43  Zealot x2  
  120  12:44  Zealot x5  
Show
View Real Time Build Order
Export as new Build Order

Reynor Zerg - Winner!

Build Orders: Hatch First, Lurkers 

Get SALT Encoding   

  12  0:00  Drone  
  13  0:11  Overlord  
  13  0:16  Drone  
  14  0:30  Drone x2  
  16  0:48  Hatchery  
  15  0:51  Drone  
  15  0:55  Drone  
  17  0:59  Drone  
  18  1:09  Extractor  
  17  1:13  Spawning Pool  
  17  1:16  Drone  
  17  1:19  Drone  
  18  1:27  Drone  
  19  1:38  Drone  
  20  1:49  Overlord  
  20  2:00  Queen  
  20  2:01  Queen, Zergling x4  
  26  2:10  Drone  
  26  2:11  Drone  
  26  2:12  Metabolic Boost  
  28  2:20  Drone  
  28  2:21  Drone  
  30  2:33  Hatchery  
  30  2:34  Drone  
  30  2:38  Drone  
  30  2:42  Drone  
  30  2:43  Overlord  
  32  2:53  Drone  
  32  2:55  Zergling x2  
  32  2:56  Queen  
  36  3:04  Drone, Zergling x2  
  38  3:05  Queen  
  38  3:11  Overlord  
  38  3:12  Drone  
  41  3:13  Drone  
  41  3:14  Drone  
  41  3:16  Drone  
  44  3:20  Overlord  
  44  3:26  Overlord  
  44  3:30  Drone  
  44  3:32  Drone  
  44  3:33  Drone  
  44  3:34  Queen  
  47  3:41  Drone x2  
  50  3:43  Queen  
  50  3:46  Drone  
  54  3:52  Drone  
  54  3:53  Queen  
  54  3:55  Drone  
  58  3:57  Drone  
  58  4:03  Drone x2  
  58  4:05  Overlord  
  58  4:06  Zergling x6  
  63  4:13  Drone  
  63  4:14  Drone x3  
  63  4:15  Roach Warren  
  66  4:19  Drone  
  66  4:20  Overlord  
  67  4:26  Overlord  
  67  4:28  Drone  
  67  4:31  Drone x2  
  70  4:32  Spore Crawler, Drone x2  
  69  4:38  Drone x2  
  69  4:41  Drone  
  69  4:42  Lair  
  69  4:44  Extractor x2  
  69  4:45  Drone x3  
  73  4:48  Overlord  
  73  4:51  Drone  
  75  4:52  Drone  
  75  4:55  Drone x3  
  75  4:59  Spore Crawler  
  77  5:00  Spore Crawler, Drone  
  77  5:02  Overlord  
  77  5:03  Drone  
  77  5:06  Drone  
  79  5:07  Drone  
  79  5:08  Overlord  
  79  5:11  Drone  
  79  5:15  Overlord  
  79  5:16  Drone x2  
  79  5:19  Drone x2  
  79  5:24  Drone  
  79  5:25  Drone x2  
  79  5:27  Extractor  
  79  5:28  Drone x3  
  84  5:31  Hatchery  
  84  5:35  Evolution Chamber, Drone x2  
  84  5:36  Drone x2  
  84  5:37  Extractor, Drone  
  84  5:38  Drone  
  84  5:39  Extractor  
  84  5:40  Overseer  
  86  5:47  Roach x2  
  86  5:49  Roach  
  92  5:54  Queen  
  92  5:56  Roach x3  
  100  5:59  Infestation Pit  
  100  6:01  Zergling x4  
  100  6:02  Zergling x6  
  104  6:04  Zerg Missile Weapons Level 1  
  104  6:07  Roach x2, Zergling x4  
  104  6:11  Overlord  
  110  6:18  Roach x2  
  108  6:22  Overlord  
  108  6:23  Glial Reconstitution  
  106  6:26  Roach x2, Zergling x6  
  106  6:31  Zergling x6  
  116  6:35  Overlord, Zergling x6  
  116  6:39  Zergling x4  
  119  6:42  Overseer  
  119  6:43  Zergling x2  
  119  6:44  Queen  
  119  6:46  Roach  
  116  6:49  Hive, Drone x2  
  116  6:53  Drone  
  116  6:55  Drone x3  
  116  6:59  Ravager x3  
  116  7:00  Roach x3  
  128  7:07  Roach x4  
  133  7:10  Drone, Hydralisk Den  
  133  7:11  Drone  
  134  7:17  Roach x2  
  134  7:19  Roach x2  
  134  7:22  Roach x3  
  142  7:25  Roach  
  142  7:26  Roach x3  
  142  7:29  Overlord  
  149  7:34  Roach  
  151  7:37  Overlord  
  151  7:43  Drone x2  
  150  7:45  Drone x2, Lurker Den  
  150  7:47  Roach  
  150  7:48  Roach x3  
  150  7:51  Roach  
  157  7:58  Drone x3  
  157  8:00  Extractor, Drone x6  
  157  8:01  Extractor, Zerg Missile Weapons Level 2  
  164  8:11  Spore Crawler, Spine Crawler  
  162  8:17  Roach x3  
  162  8:18  Overlord x2  
  162  8:19  Overlord x3  
  167  8:31  Overlord  
  167  8:37  Hydralisk x2  
  167  8:38  Hydralisk x4  
  167  8:40  Drone x5  
  184  8:47  Viper x2  
  188  8:53  Hatchery  
  187  8:58  Zergling x4  
  187  8:59  Zergling x18  
  184  9:04  Lurker x5  
  190  9:10  Zergling x12  
  190  9:14  Overlord  
  183  9:19  Zergling x12  
  174  9:29  Hydralisk x6  
  172  9:41  Seismic Spines  
  172  9:48  Zergling x18  
  176  9:56  Hydralisk x2  
  176  9:59  Hydralisk x2  
  161  10:01  Hydralisk  
  161  10:02  Queen  
  161  10:04  Hydralisk  
  155  10:11  Roach  
  155  10:12  Roach x4  
  155  10:13  Roach x2  
  167  10:18  Queen  
  167  10:20  Roach  
  169  10:21  Roach  
  169  10:24  Roach x2  
  169  10:27  Muscular Augments  
  171  10:31  Viper x2, Lurker x4  
  181  10:39  Zergling x10  
  181  10:40  Spore Crawler, Spine Crawler  
  181  10:42  Drone x2  
  182  10:43  Drone x4  
  182  10:44  Spore Crawler  
  182  10:46  Extractor  
  182  10:47  Adaptive Talons  
  184  10:53  Zergling x8  
  188  10:59  Zergling x8  
  188  11:01  Adrenal Glands  
  192  11:04  Evolution Chamber  
  192  11:09  Zergling x14  
  194  11:17  Hydralisk, Zergling x2  
  194  11:18  Zergling x10  
  180  11:19  Hydralisk  
  180  11:24  Lurker x2  
  180  11:25  Hydralisk x2  
  181  11:26  Hydralisk  
  183  11:33  Pneumatized Carapace, Overseer  
  183  11:38  Grooved Spines  
  183  11:39  Hydralisk x3, Zergling x2  
  190  11:40  Zergling x18  
  190  11:42  Overlord  
  177  11:56  Zergling x24  
  177  12:01  Hydralisk x3  
  187  12:03  Hydralisk  
  187  12:04  Zergling x8  
  187  12:05  Zergling x2, Hydralisk  
  196  12:11  Unknown  
  196  12:13  Hydralisk x2  
  196  12:14  Zergling x2  
  197  12:20  Hydralisk, Zergling x4  
  197  12:21  Zergling x6  
  197  12:22  Hydralisk  
  177  12:31  Zergling x14  
  177  12:35  Lurker x2  
  177  12:36  Viper x2  
  186  12:42  Hydralisk  
  186  12:43  Zergling x2  
  193  12:53  Zergling x12  
Tags
 
Add a new tag
Caveats
  • Supply blocks, unpowered buildings, or Contaminate may cause inaccurate times.
  • Supply counts are checked every 10 seconds.